Map: Dusty Gorge

Players

Ender

  • Race: Protoss Protoss
  • Spawn Location: 11:00

IIIIIIIIIIII

  • Race: Zerg Zerg
  • Spawn Location: 9:00

Bayb - Winner!

  • Race: Zerg Zerg
  • League: Diamond
  • Spawn Location: 3:00

Adversity - Winner!

  • Race: Terran Terran
  • Spawn Location: 5:00

VOD

Have the link to the VOD?

Description

Time

  • Played on: June 25, 2018, 10:45 p.m.
  • Length: 4:18
Show
View Real Time Build Order
Export as new Build Order

Ender Protoss 

Build Orders:  

Get SALT Encoding   

  12  0:00  Probe  
  13  0:13  Probe  
  14  0:20  Pylon  
  14  0:25  Probe  
  15  0:35  Probe  
  15  0:42  Gateway  
  16  0:43  Probe  
  17  0:52  Probe  
  18  1:04  Assimilator  
  18  1:06  Probe  
  19  1:17  Assimilator  
  19  1:20  Probe  
  20  1:37  Pylon  
  20  1:38  Cybernetics Core  
  20  1:40  Gateway  
  20  1:42  Probe  
  21  1:55  Probe  
  21  1:57  Zealot  
  24  2:12  Pylon  
  24  2:14  Warp Gate  
  24  2:21  Adept  
  24  2:28  Adept  
  28  2:44  Gateway  
  28  2:50  Stalker  
  30  2:55  Stalker  
  32  3:20  Stalker  
  32  3:22  Twilight Council  
  32  3:25  Stalker  
  32  3:26  Pylon  
Show
View Real Time Build Order
Export as new Build Order

IIIIIIIIIIII Zerg 

Build Orders: Pool First 

Get SALT Encoding   

  12  0:03  Drone  
  13  0:10  Drone  
  14  0:18  Overlord  
  14  0:38  Drone x3  
  17  0:48  Spawning Pool  
  16  0:52  Extractor  
  15  1:20  Drone  
  15  1:24  Overlord  
  16  1:28  Hatchery  
  15  1:43  Spine Crawler, Zergling x6  
  17  1:54  Queen  
  19  2:04  Zergling x2  
  20  2:10  Zergling x2  
  21  2:23  Drone  
  22  2:42  Queen  
  23  2:46  Queen  
  25  2:58  Zergling x6  
  28  3:12  Zergling x2  
  29  3:16  Zergling x4  
  29  3:17  Zergling x2  
  29  3:18  Queen  
  26  3:48  Zergling x2  
  26  3:51  Zergling x6  
  26  3:52  Zergling x2  
  26  3:53  Zergling x2  
  29  4:00  Zergling x2  
Show
View Real Time Build Order
Export as new Build Order

Bayb Zerg - Winner!

Build Orders: 1 Base Baneling Bust, Pool Only 

Get SALT Encoding   

  12  0:01  Drone  
  13  0:14  Overlord  
  13  0:18  Drone  
  14  0:31  Extractor  
  13  0:37  Spawning Pool  
  13  0:40  Drone  
  13  0:46  Drone  
  14  0:50  Drone  
  14  0:55  Drone  
  16  1:03  Drone  
  17  1:24  Zergling x2  
  17  1:25  Zergling x2  
  19  1:30  Metabolic Boost  
  19  1:31  Queen  
  21  1:35  Zergling x2  
  22  1:46  Extractor  
  22  1:47  Zergling x2  
  23  2:01  Overlord  
  23  2:15  Overlord  
  23  2:19  Evolution Chamber  
  22  2:25  Zergling x2  
  23  2:32  Zergling x2  
  23  2:44  Zergling x2  
  24  2:48  Zergling x6  
  27  2:59  Zergling x2  
  27  3:04  Zergling x2  
  29  3:06  Baneling Nest  
  26  3:16  Zergling x2  
  26  3:18  Zergling x4  
  26  3:19  Zergling x2  
  29  3:33  Zergling x2  
  28  3:46  Zergling x2  
  26  3:53  Zergling x6  
  28  3:59  Zergling x2  
Show
View Real Time Build Order
Export as new Build Order

Adversity Terran - Winner!

Build Orders:  

Get SALT Encoding   

  12  0:02  SCV  
  13  0:15  SCV  
  13  0:20  Supply Depot  
  14  0:27  SCV  
  15  0:31  Refinery  
  15  0:41  SCV  
  16  0:48  Barracks  
  16  0:54  SCV  
  17  1:06  SCV  
  17  1:11  Barracks  
  18  1:18  SCV  
  19  1:26  Barracks  
  19  1:35  Reaper  
  20  1:46  Orbital Command  
  20  1:53  Supply Depot  
  20  1:59  Reaper  
  21  2:04  Refinery  
  21  2:07  Reaper  
  22  2:12  SCV  
  23  2:16  Reaper  
  24  2:25  Supply Depot  
  24  2:26  SCV  
  25  2:31  Reaper  
  26  2:39  Reaper  
  27  2:45  SCV  
  27  2:50  Reaper  
  29  3:01  SCV  
  30  3:14  Reaper  
  30  3:15  Reaper  
  30  3:16  SCV, Command Center  
  33  3:35  Reaper  
  34  3:41  Barracks  
  34  3:42  Barracks  
Tags
 
Add a new tag
Caveats
  • Supply blocks, unpowered buildings, or Contaminate may cause inaccurate times.
  • Supply counts are checked every 10 seconds.